AoeStats
← A D A P T

Black Forest

507189600Analyzed
3v3 RM · 14d ago on Sep 17, 2026· 47m 18s· 6 players
Game mode
Random Map
Map size
Normal (6 player)
Population
200
Speed
Normal
Resources
Standard
Victory
Conquest
Starting age
Dark Age
Ending age
Imperial Age
RankedLock teamsTeams togetherTeam positionsShared explorationLock speedFull tech treeHidden civsTurbo modeCheats
Victory
Defeat
🇺🇸 Persians · United States
1144
+15
🇺🇸 Turks · United States
1106
+16
🇺🇸 Ethiopians · United States
1071
+18
🇦🇺 Britons · Australia
1178
-20
🇩🇴 Bohemians · Dominican Republic
1090
-15
🇦🇺 Japanese · Australia
1065
-14
Arietediron
1:02 Loom
12:38 Feudal Age
13:07 Double-Bit Axe
14:00 Wheelbarrow
13:11 Fishing Lines
20:06 Castle Age
21:00 Bow Saw
21:09 Gillnets
23:36 Hand Cart
26:34 Padded Archer Armor
26:45 Forging
26:35 Scale Mail Armor
26:46 Horse Collar
29:06 Ballistics
28:57 Town Watch
30:16 Heavy Plow
32:22 Chemistry
31:29 Fletching
31:55 Leather Archer Armor
31:55 Chain Mail Armor
35:48 Imperial Age
33:31 Treadmill Crane
34:26 Bodkin Arrow
35:07 Iron Casting
34:38 Scale Barding Armor
35:08 Squires
34:54 Arson
36:34 Elite Skirmisher
37:17 Bracer
37:33 Chain Mail Armor
37:51 Bombard Tower
37:27 Murder Holes
37:24 Pikeman
39:13 Ring Archer Armor
39:44 Blast Furnace
38:19 Houfnice
40:47 Halberdier
44:19 Two-Man Saw
trashdog
9:52 Loom
13:32 Feudal Age
19:05 Castle Age
17:48 Double-Bit Axe
17:52 Horse Collar
23:09 Wheelbarrow
28:45 Imperial Age
33:22 Scale Mail Armor
34:05 Forging
34:01 Gambesons
34:17 Squires
36:41 Masonry
39:50 Siege Engineers
40:07 Ballistics
41:55 Chain Mail Armor
42:32 Yasama
44:43 Kataparuto
46:35 Hoardings
A D A P T
5:16 Loom
11:34 Feudal Age
15:10 Wheelbarrow
16:50 Castle Age
15:33 Double-Bit Axe
15:30 Horse Collar
19:17 Bow Saw
20:41 Stone Mining
20:42 Gold Mining
25:37 Fletching
26:22 Bodkin Arrow
29:17 Hand Cart
29:33 Yeomen
29:52 Padded Archer Armor
33:33 Imperial Age
30:49 Town Watch
32:45 Ballistics
32:37 Masonry
32:15 Pikeman
32:55 Squires
32:59 Scale Mail Armor
33:09 Forging
33:15 Leather Archer Armor
34:12 Chain Mail Armor
34:49 Conscription
34:00 Elite Longbowman
35:50 Gold Shaft Mining
36:27 Two-Man Saw
35:34 Heavy Plow
36:03 Bracer
37:23 Chemistry
37:38 Ring Archer Armor
37:38 Plate Mail Armor
37:44 Iron Casting
38:12 Hoardings
38:45 Halberdier
FTG | Bald Eagle
2:01 Loom
10:40 Feudal Age
11:21 Double-Bit Axe
14:53 Fletching
17:26 Horse Collar
20:51 Castle Age
20:22 Padded Archer Armor
21:24 Crossbowman
28:21 Bodkin Arrow
29:16 Wheelbarrow
29:06 Gold Mining
31:18 Ballistics
34:47 Imperial Age
33:04 Fortified Wall
33:12 Hand Cart
34:57 Leather Archer Armor
34:50 Arbalester
35:36 Thumb Ring
35:40 Bracer
36:16 Heavy Plow
36:28 Bow Saw
37:38 Chemistry
36:18 Elite Skirmisher
37:56 Ring Archer Armor
47:53 Two-Man Saw
MTXE | Wuhtt_
9:30 Feudal Age
10:23 Double-Bit Axe
15:21 Castle Age
20:40 Wheelbarrow
21:21 Bow Saw
23:52 Fishing Lines
24:45 Scale Barding Armor
24:51 Forging
24:46 Gold Mining
25:50 Chain Barding Armor
26:58 Hand Cart
28:02 Bloodlines
27:53 Husbandry
28:04 Horse Collar
29:01 Gold Shaft Mining
28:16 Stone Mining
28:21 Gillnets
31:10 Imperial Age
29:10 Town Watch
29:14 Loom
30:31 Stone Shaft Mining
29:59 Heavy Plow
30:25 Ballistics
30:43 Iron Casting
31:14 Clinker Construction
30:50 Cavalier
31:54 Conscription
33:25 Two-Man Saw
32:58 Crop Rotation
34:10 Plate Barding Armor
34:36 Blast Furnace
33:06 Savar
39:47 Town Patrol
42:40 Light Cavalry
45:03 Guilds
Trothos
0:56 Loom
12:16 Feudal Age
14:36 Town Watch
17:06 Castle Age
14:54 Double-Bit Axe
20:34 Bow Saw
22:08 Horse Collar
23:08 Wheelbarrow
28:56 Hand Cart
29:02 Gold Mining
29:05 Stone Mining
33:12 Imperial Age
31:24 Heavy Plow
32:08 Fletching
32:19 Padded Archer Armor
32:37 Masonry
32:08 Treadmill Crane
32:41 Thumb Ring
33:10 Bodkin Arrow
33:50 Sipahi
34:49 Gold Shaft Mining
34:33 Leather Archer Armor
35:16 Bracer
36:05 Parthian Tactics
35:01 Heavy Cavalry Archer
36:11 Ballistics
36:31 Conscription
37:16 Ring Archer Armor
37:23 Artillery
Connection lost

Rejoining the realm…

Still unreachable

The connection could not be restored.

Session expired

The server has moved on; the page needs a fresh start.